 Dungeon Crawl Stone Soup version 0.26.1-10-gdfb7c7de75 (webtiles) character file.

Game seed: 2385332085961179349

151247 infcreate the Unseen (level 17, -5/99 HPs)
             Began as a Vampire Enchanter on Apr 11, 2021.
             Was the Champion of Dithmenos.
             Slain by a merfolk impaler
             ... wielding a +3 trident of protection
              (24 damage)
             ... on level 4 of the Shoals.
             The game lasted 02:36:50 (41957 turns).

infcreate the Unseen (Vampire Enchanter)           Turns: 41957, Time: 02:36:52

Health: -5/99      AC: 12    Str:  7    XL:     17   Next: 0%
Magic:  15/33      EV: 25    Int: 19    God:    Dithmenos [******]
Gold:   861        SH:  0    Dex: 20    Spells: 7/40 levels left

rFire    + . .     SeeInvis +   B - +9 dagger (elec)
rCold    + . .     Faith    +   (no shield)
rNeg     + + +     Spirit   .   V - +2 robe {Will+}
rPois    ∞         Reflect  .   K - +1 hat {Will+}
rElec    .         Harm     .   A - +2 cloak
rCorr    .         Rampage  .   u - +2 pair of gloves
Will     +++..                  d - +0 pair of boots Stlth #*********
                                T - amulet of faith {!P}
HPRegen  0.00/turn              F - ring of fire
MPRegen  0.23/turn              Q - ring of stealth

@: bloodless, wreathed by umbra
A: fangs 3, see invisible, unbreathing
a: Bat Form, Revivify, Renounce Religion, Shadow Step, Shadow Form


You were on level 4 of the Shoals.
You worshipped Dithmenos.
Dithmenos was exalted by your worship.
You visited 4 branches of the dungeon, and saw 27 of its levels.
You also visited: Sewer, Bailey and Ice Cave.

You collected 2624 gold pieces.
You spent 1763 gold pieces at shops.


Innate Abilities, Weirdness & Mutations

You do not regenerate when monsters are visible.
You are frail without blood (-20% HP).
You can heal yourself when you bite living creatures.
You are immune to poison.
You have razor-sharp teeth.
You have supernaturally acute eyesight. (SInv)
You can survive without breathing.


   Skills:
 + Level 8.9 Fighting
 * Level 14.4 Short Blades
 * Level 14.5 Dodging
 * Level 19.4 Stealth
 * Level 12.4 Spellcasting
 + Level 16.7 Hexes
 + Level 6.8 Necromancy


You had 7 spell levels left.
You knew the following spells:

 Your Spells              Type           Power        Failure   Level
a - Leda's Liquefaction   Hex/Erth       21%          1%          4
c - Corona                Hex            73%          0%          1
d - Tukima's Dance        Hex            66%          1%          3
e - Ensorcelled Hibernat  Hex/Ice        86%          1%          2
f - Dazzling Flash        Conj/Hex       86%          1%          3
n - Dispel Undead         Necr           37%          3%          4
p - Fulminant Prism       Conj/Hex       21%          1%          4
t - Confusing Touch       Hex            66%          1%          3
X - Animate Dead          Necr           18%          3%          4
Y - Yara's Violent Unrav  Hex/Tmut       21%          5%          5

Your spell library contained the following spells:

 Spells                   Type           Power        Failure   Level
 Slow                     Hex            66%          0%          2
 Sublimation of Blood     Necr           18%          1%          2
 Inner Flame              Hex/Fire       60%          1%          3
 Portal Projectile        Hex/Tloc       86%          1%          3
 Cause Fear               Hex            33%          1%          4
 Corpse Rot               Necr/Air       N/A          2%          2
 Silence                  Hex/Air        21%          5%          5
 Foxfire                  Conj/Fire      68%          6%          1
 Freeze                   Ice            44%          6%          1
 Magic Dart               Conj           44%          6%          1
 Searing Ray              Conj           22%          9%          2
 Agony                    Necr           37%          10%         5
 Excruciating Wounds      Necr           18%          10%         5
 Conjure Flame            Conj/Fire      17%          17%         3
 Frozen Ramparts          Ice            22%          17%         3
 Ignite Poison            Fire/Tmut/Pois 17%          17%         3
 Ozocubu's Armour         Ice            11%          17%         3
 Borgnjor's Vile Clutch   Necr/Erth      12%          36%         5
 Death Channel            Necr           18%          47%         6
 Hailstorm                Conj/Ice       11%          50%         4
 Iskenderun's Mystic Bla  Conj/Tloc      11%          50%         4
 Sticky Flame             Conj/Fire      17%          50%         4
 Summon Ice Beast         Ice/Summ       11%          50%         4
 Bolt of Magma            Conj/Fire/Erth 8%           85%         5
 Fireball                 Conj/Fire      8%           85%         5
 Simulacrum               Ice/Necr       12%          91%         6
 Iron Shot                Conj/Erth      5%           100%        6
 Starburst                Conj/Fire      8%           100%        6
 Statue Form              Tmut/Erth      7%           100%        6
 Discord                  Hex            33%          36%         8
 Ignition                 Fire           8%           100%        8
 Shatter                  Erth           5%           100%        9

Inventory:

Hand Weapons
 B - a +9 dagger of electrocution (weapon)
 Y - the +6 rapier "Zuguilel" {drain, Int+2}
   (You took it off a merfolk siren on level 2 of the Shoals)

   A truly terrible weapon, it drains the life of those it strikes.
   It affects your intelligence (+2).
Missiles
 W - 3 throwing nets {=f}
Armour
 d - a +0 pair of boots (worn)
 u - a +2 pair of gloves (worn)
 x - +5 steam dragon scales
 A - a +2 cloak (worn)
 K - a +1 hat of willpower (worn)
 M - the +1 robe of a Gauntlet {Str+3 Dex+7}
   (You found it on level 12 of the Dungeon)

   It affects your strength (+3).
   It affects your dexterity (+7).
 V - a +2 robe of willpower (worn)
Jewellery
 o - a +4 ring of protection
 q - an uncursed ring of stealth
 C - an uncursed ring of protection from cold
 F - a ring of fire (left hand)
 Q - a ring of stealth (right hand)
 R - an uncursed ring of resist corrosion
 T - an amulet of faith (around neck) {!P}
Wands
 p - a wand of enslavement (29)
 v - a wand of acid (18)
 w - a wand of random effects (32)
 y - a wand of paralysis (7)
 G - a wand of iceblast (17)
 H - a wand of polymorph (5)
 I - a wand of flame (80)
 P - a wand of disintegration (16)
Scrolls
 b - a scroll of teleportation {@r4}
 g - 5 scrolls of amnesia
 i - 16 scrolls of remove curse {@r2}
 j - 10 scrolls of identify {@r1}
 n - a scroll of fog
 r - 3 scrolls of enchant weapon
 t - a scroll of torment {unknown}
 E - 3 scrolls of immolation
 J - a scroll of vulnerability
 N - a scroll of enchant armour
 S - a scroll of blinking
 U - a scroll of magic mapping
Potions
 a - 4 potions of cancellation
 c - 2 potions of haste {@q3}
 e - 23 potions of curing {@q1}
 f - 8 potions of mutation
 h - 11 potions of heal wounds {@q2}
 k - 6 potions of might
 l - a potion of invisibility
 m - 3 potions of flight
 s - 6 potions of brilliance
 z - 6 potions of attraction
 D - 7 potions of magic
 O - 2 potions of ambrosia
 X - a potion of experience {unknown}
 Z - a potion of berserk rage {!q}
Miscellaneous
 L - a lightning rod (4/4)

Dungeon Overview and Level Annotations

Branches:
Dungeon (15/15)            Temple (0/1) D:7            Lair (6/6) D:10
 Shoals (4/4) Lair:2        Snake (0/4) Lair:3        Slime (0/5) Lair:5
    Orc (2/2) D:11            Elf (0/3) Orc:2        Vaults (0/5) D:13
 Depths (0/5) D:15          Sewer (visited)          Bailey (visited)
  IceCv (visited)

Altars:
Cheibriados
Dithmenos
Elyvilon
Fedhas
Kikubaaqudgha
Qazlal
Trog
Uskayaw
Vehumet
Beogh
Jiyva

Shops:
D:5 (   D:9 :   Orc:1 :   Orc:2 :?*?   Shoals:1 (

Portals:
Trove: D:12 (show slimy rune of Zot)

Annotations:
D:15 2 transporters, Bananafolds's ghost, adept NaVM
Shoals:1 Roxanne
Shoals:4 Ilsuiw

≈≈≈≈≈≈≈.^................
. ##
≈≈≈≈≈≈...................
...##.
≈≈≈≈≈≈.....#####.........
...... ..≈≈≈≈≈...##
#.......c ......
▒#..≈≈....# #..<.....
...... ▒#.≈.....#
+........ ....≈. .....≈
#........ ...≈≈≈ ...≈≈
##m§...... ...≈≈≈
#.....#####@m§......
...≈≈≈
.......§§§§mH§......
..≈≈≈≈
.....#§§§§§§§§....≈≈
≈≈≈≈≈ ... #§..§§§.....≈≈≈
.≈≈≈≈ . #...§§.......≈≈
≈≈≈≈≈ ..#▒▒#........≈≈
... #.≈≈....≈.. ....#
..≈≈≈≈≈≈≈≈ ..#▒ ≈≈≈≈≈≈≈≈≈


You could see 2 merfolk impalers, a merfolk aquamancer and a manticore.


Message History

The merfolk impaler is dazzled.
The merfolk impaler misses you.
The merfolk aquamancer hits you with a +3 rapier of electrocution!
* * * LOW HITPOINT WARNING * * *
You emit a cloud of dark smoke.
The merfolk impaler hits you from afar with a +0 trident of flaming!
* * * LOW HITPOINT WARNING * * *
The merfolk impaler burns you.
* * * LOW HITPOINT WARNING * * *
Casting: Dazzling Flash (safe; 1% risk of failure)
Confirm with . or Enter, or press ? or * to list all spells.
The merfolk aquamancer completely misses you.
The merfolk impaler misses you.
The merfolk impaler completely misses you.
The merfolk impaler is no longer blind.
The merfolk impaler misses you. x2
The merfolk aquamancer hits you with a +3 rapier of electrocution.
* * * LOW HITPOINT WARNING * * *
The merfolk impaler closely misses you.
You closely miss the merfolk impaler. The merfolk impaler closely misses you.
The merfolk impaler hits you with a +0 trident of flaming.
* * * LOW HITPOINT WARNING * * *
The merfolk impaler burns you.
* * * LOW HITPOINT WARNING * * *
You hit the merfolk impaler but do no damage.
Lightning courses through the merfolk impaler!
The merfolk impaler is lightly wounded.
Your shadow hits the merfolk impaler but does no damage.
The merfolk impaler is no longer blind.
The merfolk aquamancer closely misses you.
The merfolk impaler hits you with a +3 trident of protection!!
You die...

Skill      XL: |  1  2  3  4  5  6  7  8  9 10 11 12 13 14 15 16 |
---------------+-------------------------------------------------+-----
Short Blades   | 2 3 4 5 6 8 9 10 11 12 13 14 | 14.4
Stealth        | 5 6 7 8 10 11 13 14 15 17 18 19 | 19.4
Hexes          | 5 6 7 8 9 11 12 13 14 15 16 | 16.7
Dodging        | 3 4 6 7 8 9 10 11 12 13 14 | 14.5
Fighting       | 1 2 3 4 5 6 7 8 |  8.9
Spellcasting   | 3 4 5 6 8 9 10 11 12 | 12.4
Necromancy     | 3 5 6 |  6.8

Action                   |  1- 3 |  4- 6 |  7- 9 | 10-12 | 13-15 | 16-18 || total
-------------------------+-------+-------+-------+-------+-------+-------++-------
Melee: Dagger            |    52 |   188 |   417 |   807 |  1321 |   437 ||  3222
       Bite              |     2 |    18 |    27 |    93 |   151 |    40 ||   331
 Cast: Corona            |    17 |    15 |    21 |    12 |     4 |     6 ||    75
       Ensorcelled Hiber |     5 |    54 |    69 |    48 |   121 |    86 ||   383
       Confusing Touch   |       |    18 |    51 |   105 |   159 |    37 ||   370
       Tukima's Dance    |       |       |     2 |     5 |       |    34 ||    41
       Dazzling Flash    |       |       |     2 |    15 |    29 |    17 ||    63
       Leda's Liquefacti |       |       |       |     2 |     1 |     1 ||     4
       Fulminant Prism   |       |       |       |       |     9 |    14 ||    23
       Dispel Undead     |       |       |       |       |     4 |     8 ||    12
       Animate Dead      |       |       |       |       |     1 |       ||     1
       Yara's Violent Un |       |       |       |       |       |     1 ||     1
Invok: Shadow Step       |       |       |       |     2 |     6 |     1 ||     9
 Abil: Exsanguinate      |     1 |       |       |       |       |       ||     1
  Use: Scroll            |     3 |     4 |    10 |    22 |    20 |     2 ||    61
       Potion            |       |       |       |     1 |       |     1 ||     2
 Stab: Sleeping          |    16 |    42 |    82 |    71 |   233 |    51 ||   495
       Confused          |       |     7 |    42 |    90 |   145 |    33 ||   317
       Invisible         |       |       |     2 |     4 |    15 |    11 ||    32
       Distracted        |       |       |       |     1 |     3 |     2 ||     6
Armor: Robe              |     4 |    20 |    22 |       |    26 |    58 ||   130
       Steam dragon scal |       |       |    18 |    99 |   105 |       ||   222
Dodge: Dodged            |    26 |    87 |   180 |   527 |   714 |   433 ||  1967

Levels and vault maps discovered:
D:1:      minmay_arrival_diagonal_passages, layout_loops_ring,
          lemuel_old_faithful
D:2:      wander_river, layout_loops_ring, grunt_qazlal_sundering, uniq_natasha
D:3:      layout_rooms
D:4:      layout_basic, gammafunk_temple_overflow_wave,
          minmay_fractal_squares_diagonal_5
D:5:      layout_basic, grunt_temple_overflow_cloverleaf, serial_shops,
          kennysheep_little_box, cheibriados_altar_1, uniq_edmund
D:6:      layout_basic, gup_sewer_entry_bubbles
D:7:      wad_lake_hut, layout_basic, minmay_temple_entry_waves,
          minmay_hollow_rounded_squares, uniq_maggie
D:8:      layout_basic, kennysheep_kite_vault
D:9:      layout_roguey, serial_shops, shop_coins,
          nicolae_shop_competitors_out_of_business, ebering_ghost_rock_garden,
          uniq_gastronok
D:10:     layout_gridville, david_lair_generic, serial_ice, serial_ice_i,
          serial_ice_h, serial_ice_e, serial_ice_m, serial_ice_o, serial_ice_g,
          serial_ice_c
D:11:     layout_loops_corners, orc_0_dummy, st_stairs_14,
          minmay_misc_feat_room, amcnicky_mini_pool_small, uniq_fannar
D:12:     minmay_the_grid_square_5x5_3x3
          [minmay_the_grid_square_5x5_sharp_hourglass,
          minmay_the_grid_square_5x5_intrusive_squares,
          minmay_the_grid_square_5x5_fat_x, minmay_the_grid_square_5x5_moneybag,
          minmay_the_grid_square_5x5_megaprize_checkered,
          minmay_the_grid_square_5x5_plus, minmay_the_grid_square_5x5_forky,
          minmay_the_grid_square_5x5_n_small, minmay_the_grid_square_5x5_seven],
          layout_stronghold, nicolae_trove_entry_crystal, uniq_sonja
D:13:     layout_cave_pools, erik_vaults_2, minmay_starry_boxes, uniq_nessos
D:14:     layout_irregular_city, minivault_24, uniq_agnes
D:15:     grunt_enter_depths_hoard, layout_rooms,
          gammafunk_ghost_wrathful_warriors
Lair:1:   lemuel_ratsnest, layout_regular_city, grunt_forest_stairs_basic,
          serial_bayou_pond_b
Lair:2:   layout_loops_ring, elwin_shoals_entry_rooms, beast_lair_carwin_10
Lair:3:   layout_chaotic_city, minmay_snake_entry_guardpost_small,
          portal_ice_cave_entry_ice_beasts
Lair:4:   layout_regular_city
Lair:5:   layout_roguey, slime_altar_1, serial_rivers,
          chequers_serial_rivers_micro_c, chequers_serial_rivers_room_a,
          chequers_serial_rivers_room_b, chequers_serial_rivers_micro_b,
          chequers_serial_rivers_large_a
Lair:6:   grunt_lair_end_beastmaster, layout_hall_layers,
          chequers_serial_rivers_small_a, eino_house_with_fridge,
          infiniplex_staircase_pool
Shoals:1: layout_shoals, nicolae_shoals_c_island, uniq_josephine, uniq_roxanne
Shoals:2: layout_shoals, overgrown_hall
Shoals:3: layout_shoals
Shoals:4: shoals_end_simple, layout_shoals, shoals_ilsuiw_ice
Orc:1:    layout_caves, lightli_bailey_entry_fortress, basic_altar,
          serial_shops, nicolae_shop_competitors_out_of_business
Orc:2:    pubby_orc_utopia, serial_shops

Notes
Turn   | Place    | Note
-------+----------+-------------------------------------------
     0 | D:1      | infcreate the Vampire Enchanter began the quest for the
                  | Orb.
     0 | D:1      | Reached XP level 1. HP: 13/13 MP: 3/3
   430 | D:1      | Reached XP level 2. HP: 12/15 MP: 1/5
   433 | D:1      | Learned a level 2 spell: Ensorcelled Hibernation
   804 | D:1      | Reached XP level 3. HP: 20/20 MP: 6/6
   808 | D:1      | Learned a level 3 spell: Confusing Touch
   904 | D:2      | Reached skill level 2 in Short Blades
  1209 | D:2      | Reached skill level 5 in Stealth
  1209 | D:2      | Reached skill level 5 in Hexes
  1215 | D:2      | Reached XP level 4. HP: 24/24 MP: 7/7
  1356 | D:2      | Noticed Natasha
  1960 | D:2      | Killed Natasha
  1961 | D:2      | Reached skill level 3 in Dodging
  2114 | D:2      | Reached skill level 1 in Fighting
  2118 | D:2      | Found a stormy altar of Qazlal.
  2280 | D:2      | Noticed Natasha
  2652 | D:3      | Reached XP level 5. HP: 29/29 MP: 9/9
  2979 | D:3      | You fall into a shaft and drop 2 floors!
  2979 | D:5      | Entered Level 5 of the Dungeon
  3033 | D:5      | Noticed an ogre
  3306 | D:4      | Noticed a sky beast
  3380 | D:4      | Killed Natasha
  3381 | D:4      | Reached skill level 3 in Spellcasting
  3381 | D:4      | Reached XP level 6. HP: 30/34 MP: 6/10
  3404 | D:4      | Killed a sky beast
  3405 | D:4      | Reached skill level 3 in Short Blades
  3405 | D:4      | Reached skill level 6 in Stealth
  3465 | D:4      | Reached skill level 6 in Hexes
  3637 | D:2      | Learned a level 3 spell: Tukima's Dance
  3841 | D:3      | HP: 1/34 [gnoll/+0 halberd (12)]
  4494 | D:3      | Reached skill level 4 in Dodging
  5292 | D:4      | Reached XP level 7. HP: 38/38 MP: 12/12
  5296 | D:4      | Learned a level 3 spell: Dazzling Flash
  5332 | D:4      | Noticed Natasha
  5338 | D:4      | Killed Natasha
  5390 | D:4      | Found a radiant altar of Vehumet.
  5390 | D:4      | Found a blossoming altar of Fedhas.
  6518 | D:5      | Found a snail-covered altar of Cheibriados.
  6575 | D:5      | Found Luone's Antique Weapon Boutique.
  6690 | D:5      | Reached skill level 2 in Fighting
  6690 | D:5      | Reached skill level 4 in Short Blades
  6690 | D:5      | Reached skill level 7 in Stealth
  6886 | D:5      | Found a white marble altar of Elyvilon.
  6889 | D:5      | Found a shadowy altar of Dithmenos.
  6893 | D:5      | Became a worshipper of Dithmenos the Shadowed
  6899 | D:5      | Found an ancient bone altar of Kikubaaqudgha.
  6907 | D:5      | Found a hide-covered altar of Uskayaw.
  6966 | D:5      | Noticed Edmund
  6996 | D:5      | Killed Edmund
  7063 | D:5      | Reached skill level 7 in Hexes
  7197 | D:5      | Reached skill level 4 in Spellcasting
  7322 | D:6      | You fall into a shaft and drop 3 floors!
  7324 | D:9      | Reached XP level 8. HP: 44/44 MP: 9/14
  7346 | D:9      | Noticed Gastronok
  7420 | D:7      | Found a large runed translucent door.
  7420 | D:7      | Found a large runed translucent door.
  7421 | D:7      | Found a large runed translucent door.
  7422 | D:7      | Found a staircase to the Ecumenical Temple.
  7422 | D:7      | Found a large runed translucent door.
  7430 | D:6      | Reached skill level 5 in Dodging
  7543 | D:6      | Found a glowing drain.
  7569 | Sewer    | Entered a sewer
  7869 | Sewer    | Reached * piety under Dithmenos
  8400 | Sewer    | Reached skill level 8 in Stealth
  8664 | D:6      | Reached ** piety under Dithmenos
  8704 | D:6      | Reached skill level 5 in Short Blades
  8781 | D:6      | Reached skill level 8 in Hexes
  9904 | D:7      | Reached skill level 3 in Fighting
  9904 | D:7      | Reached skill level 6 in Dodging
  9904 | D:7      | Reached XP level 9. HP: 48/50 MP: 4/16
 10327 | D:7      | Noticed Maggie
 10333 | D:7      | Killed Maggie
 10334 | D:7      | Reached skill level 9 in Stealth
 10334 | D:7      | Reached skill level 5 in Spellcasting
 10459 | D:7      | Reached skill level 6 in Short Blades
 10531 | D:7      | Reached skill level 9 in Hexes
 11034 | D:8      | Got a translucent dagger
 11035 | D:8      | Identified the +6 dagger "Luifyfes" {flame, *Contam rN+
                  | SInv} (You found it on level 8 of the Dungeon)
 11167 | D:8      | Reached *** piety under Dithmenos
 11510 | D:8      | Reached skill level 10 in Stealth
 11622 | D:8      | Reached skill level 7 in Dodging
 12655 | D:9      | Reached XP level 10. HP: 56/56 MP: 18/18
 12674 | D:9      | Found Micoraga's Book Shoppe.
 13087 | D:9      | Reached skill level 6 in Spellcasting
 13092 | D:9      | Reached **** piety under Dithmenos
 13117 | D:9      | Learned a level 4 spell: Leda's Liquefaction
 13150 | D:9      | Reached skill level 7 in Short Blades
 13427 | D:9      | Found a runed translucent gate.
 13427 | D:9      | Found a runed translucent gate.
 13427 | D:9      | Found a runed translucent gate.
 13428 | D:9      | Noticed groll's ghost (novice MiBe)
 13445 | D:9      | Killed groll's ghost
 13446 | D:9      | Reached skill level 4 in Fighting
 13446 | D:9      | Reached skill level 10 in Hexes
 13631 | D:9      | Found Ovvoes's Book Emporium.
 13925 | D:10     | Entered Level 10 of the Dungeon
 13974 | D:9      | Reached skill level 11 in Stealth
 14204 | D:10     | Reached skill level 8 in Dodging
 14281 | D:10     | Found a staircase to the Lair.
 14281 | D:10     | Noticed an elephant
 14559 | D:10     | Killed an elephant
 14560 | D:10     | Reached skill level 8 in Short Blades
 14732 | D:10     | Reached skill level 11 in Hexes
 14732 | D:10     | Reached XP level 11. HP: 51/62 MP: 17/21
 15009 | D:10     | Reached skill level 7 in Spellcasting
 15034 | D:10     | Reached ***** piety under Dithmenos
 15490 | D:11     | Found the +8 frozen axe "Frostbite" {freezing cloud, *Noise
                  | +Fly rC+}
 15503 | D:11     | Reached skill level 12 in Stealth
 15993 | D:11     | Noticed a boulder beetle
 15998 | D:11     | Killed a boulder beetle
 16061 | D:11     | Got a dazzling cloak
 16062 | D:11     | Identified the +1 cloak of the Meadowlark {Str+4 Int-2
                  | SInv} (You found it on level 11 of the Dungeon)
 16186 | D:11     | Found a staircase to the Orcish Mines.
 16256 | D:11     | Noticed Fannar
 16300 | D:11     | Reached skill level 9 in Dodging
 16419 | D:11     | Killed Fannar
 17195 | Lair:1   | Entered Level 1 of the Lair of Beasts
 17388 | Lair:1   | Reached skill level 5 in Fighting
 17559 | Lair:1   | Reached skill level 9 in Short Blades
 17616 | Lair:1   | Reached skill level 12 in Hexes
 17939 | Lair:1   | Reached skill level 13 in Stealth
 18316 | Lair:1   | Reached skill level 8 in Spellcasting
 18446 | Lair:2   | Reached XP level 12. HP: 68/68 MP: 19/24
 18522 | Lair:2   | Noticed a boulder beetle
 18529 | Lair:2   | Killed a boulder beetle
 18620 | Lair:2   | Reached skill level 10 in Dodging
 18770 | Lair:2   | Reached ****** piety under Dithmenos
 19295 | Lair:2   | Reached skill level 13 in Hexes
 19303 | Lair:2   | Found a staircase to the Shoals.
 19495 | Lair:3   | Noticed an eight-headed hydra
 19573 | Lair:3   | Noticed a four-headed hydra
 19665 | Lair:3   | Reached skill level 10 in Short Blades
 19698 | Lair:3   | Found a frozen archway.
 19705 | IceCv    | Entered an ice cave
 19752 | IceCv    | Reached skill level 14 in Stealth
 20404 | IceCv    | Noticed a reaper
 20868 | IceCv    | HP: 2/69 [reaper/+0 scythe of freezing (12)]
 20870 | IceCv    | Killed a reaper
 20871 | IceCv    | Reached skill level 6 in Fighting
 20871 | IceCv    | Reached skill level 9 in Spellcasting
 21217 | IceCv    | Got a crude pewter ring
 21218 | IceCv    | Identified the ring "Emaicips" {Wiz +Inv Slay+6} (You found
                  | it in an ice cave)
 21435 | Lair:3   | Killed a four-headed hydra
 21471 | Lair:3   | Reached XP level 13. HP: 74/74 MP: 4/26
 21880 | Lair:3   | Found a staircase to the Snake Pit.
 22568 | Lair:3   | Reached skill level 11 in Dodging
 22581 | Lair:3   | Reached skill level 14 in Hexes
 22881 | Lair:4   | Reached skill level 15 in Stealth
 23080 | Lair:4   | Reached skill level 11 in Short Blades
 24379 | Lair:5   | Reached skill level 10 in Spellcasting
 24413 | Lair:5   | Got a brightly glowing great sword
 24414 | Lair:5   | Identified the +2 great sword "Backscratcher" {vorpal,
                  | Int+2} (You found it on level 5 of the Lair of Beasts)
 24560 | Lair:5   | Found a viscous altar of Jiyva.
 24561 | Lair:5   | Found a staircase to the Slime Pits.
 25109 | Lair:6   | Entered Level 6 of the Lair of Beasts
 25122 | Lair:6   | Reached XP level 14. HP: 80/80 MP: 28/28
 25246 | Lair:6   | Reached skill level 1 in Necromancy
 25296 | Lair:6   | Reached skill level 16 in Stealth
 25648 | Lair:6   | Reached skill level 7 in Fighting
 25874 | Lair:6   | Reached skill level 12 in Dodging
 26047 | Lair:6   | Reached skill level 15 in Hexes
 26056 | Lair:6   | Reached skill level 2 in Necromancy
 26238 | Lair:6   | Found the +3 salamander hide armour {Flames rF++ rC--}
 26444 | Lair:6   | Reached skill level 12 in Short Blades
 26539 | Lair:6   | HP: 5/82 [catoblepas (24)]
 27397 | D:9      | Learned a level 4 spell: Fulminant Prism
 27488 | D:9      | Killed Gastronok
 27697 | Orc:1    | Entered Level 1 of the Orcish Mines
 27770 | Orc:1    | Found a roughly hewn altar of Beogh.
 27822 | Orc:1    | Found a flagged portal.
 27838 | Bailey   | Entered a bailey
 28281 | Orc:1    | Found Ostuxeux's Book Shop.
 28324 | Orc:1    | Noticed a stone giant
 28935 | Orc:1    | Reached skill level 3 in Necromancy
 29085 | Orc:1    | Killed a stone giant
 29107 | Orc:2    | Entered Level 2 of the Orcish Mines
 29308 | Orc:2    | Found a roughly hewn altar of Beogh.
 29581 | Orc:2    | Found Ihasejow's Book Emporium.
 29597 | Orc:2    | Found Dita Kef's Magic Scroll Shoppe.
 29842 | Orc:2    | Reached skill level 17 in Stealth
 30316 | Orc:2    | Found a staircase to the Elven Halls.
 30710 | Orc:2    | Noticed an orc warlord
 30742 | Orc:2    | Reached XP level 15. HP: 44/86 MP: 20/29
 31469 | Orc:2    | Reached skill level 11 in Spellcasting
 31678 | Orc:2    | Found Cekig's Assorted Antiques.
 31686 | Orc:2    | Bought a dull robe for 153 gold pieces
 31686 | Orc:2    | Identified the cursed +1 robe of the Cricket {Rampage rPois
                  | Str-3 Slay+5} (You bought it in a shop on level 2 of the
                  | Orcish Mines)
 31708 | Orc:2    | Found a roughly hewn altar of Beogh.
 31922 | Orc:2    | Found Pexketad's Magic Scroll Shoppe.
 32121 | Orc:2    | Reached skill level 4 in Necromancy
 32154 | Orc:2    | Killed an orc warlord
 32267 | D:9      | Bought a book of Unlife for 910 gold pieces
 32272 | D:9      | Learned a level 4 spell: Animate Dead
 32277 | D:9      | Learned a level 4 spell: Dispel Undead
 32418 | D:12     | Noticed Sonja
 32424 | D:12     | Killed Sonja
 32477 | D:12     | Found a portal to a secret trove of treasure.
 32763 | D:12     | Reached skill level 13 in Dodging
 32908 | D:12     | Got a colourful robe
 32909 | D:12     | Identified the +1 robe of a Gauntlet {Str+3 Dex+7} (You
                  | found it on level 12 of the Dungeon)
 33024 | D:12     | Got a heavily runed graven amulet
 33031 | D:12     | Identified the amulet "Hif Wire" {Spirit rElec} (You found
                  | it on level 12 of the Dungeon)
 33413 | D:13     | Found a gate to the Vaults.
 33445 | D:13     | Reached skill level 13 in Short Blades
 33563 | D:13     | Reached skill level 8 in Fighting
 33919 | D:13     | Noticed Nessos
 33921 | D:13     | Killed Nessos
 34239 | D:14     | Reached skill level 5 in Necromancy
 34415 | D:14     | Reached skill level 18 in Stealth
 34417 | D:14     | Reached skill level 16 in Hexes
 34617 | D:14     | Noticed Agnes
 34628 | D:14     | Killed Agnes
 35166 | D:15     | Entered Level 15 of the Dungeon
 35505 | D:15     | Reached XP level 16. HP: 56/93 MP: 19/31
 35828 | D:15     | Found a transporter.
 35956 | D:15     | Noticed Bananafolds's ghost (adept NaVM)
 36054 | D:15     | Found a staircase to the Depths.
 36210 | D:15     | Found a bloodstained altar of Trog.
 36211 | D:15     | Identified the cursed +0 dire flail "Faob" {antimagic,
                  | Str+6}
 36222 | D:15     | Found a transporter.
 36223 | D:15     | Identified the cursed +2 giant club "Olod" {antimagic,
                  | rC++}
 36223 | D:15     | Identified the cursed +0 giant club of Exquisite Torment
                  | {flame, *Slow rPois Str+7 SInv}
 36550 | Orc:1    | Bought a book of Hexes for 700 gold pieces
 36556 | Orc:1    | Learned a level 5 spell: Yara's Violent Unravelling
 36696 | Shoals:1 | Entered Level 1 of the Shoals
 37386 | Shoals:1 | Noticed Josephine
 37465 | Shoals:1 | Killed Josephine
 37754 | Shoals:1 | Found Fimain's Antique Weapon Shop.
 37765 | Shoals:1 | Identified Roxanne's Disquisition on Moulding
 37765 | Shoals:1 | Noticed Roxanne
 37774 | Shoals:1 | Reached skill level 12 in Spellcasting
 38071 | Shoals:1 | Reached skill level 6 in Necromancy
 38127 | Shoals:1 | Reached skill level 14 in Dodging
 38727 | Shoals:2 | Identified the +6 rapier "Zuguilel" {drain, Int+2}
 38739 | Shoals:2 | Reached skill level 14 in Short Blades
 39290 | Shoals:2 | Reached skill level 19 in Stealth
 41426 | Shoals:4 | Entered Level 4 of the Shoals
 41438 | Shoals:4 | Noticed Ilsuiw
 41953 | Shoals:4 | Reached XP level 17. HP: 49/99 MP: 20/33
 41957 | Shoals:4 | Slain by a merfolk impaler

Vanquished Creatures
  Gastronok (D:9)
  Agnes (D:14)
  An orc warlord (Orc:2)
  A reaper (IceCv)
  A stone giant (Orc:1)
  Nessos (D:13)
  A dire elephant (Lair:6)
  4 merfolk impalers
  Josephine (Shoals:1)
  2 fire dragons (D:15)
  6 boulder beetles
  Fannar (D:11)
  2 centaur warriors
  A catoblepas (Lair:6)
  5 hydras
  A merfolk avatar (Shoals:2)
  8 vault guards (D:13)
  2 merfolk aquamancers (Shoals:2)
  The ghost of groll the Fighter, a novice MiBe of Trog (D:9)
  2 satyrs
  8 two-headed ogres
  A tengu warrior (D:14)
  13 death yaks
  4 orc high priests (Orc:2)
  A deep troll shaman (Lair:6)
  Sonja (D:12)
  17 sea snakes
  An unseen horror (D:14)
  A necromancer (Lair:6)
  5 orc knights
  2 deep elf magi
  6 orc sorcerers
  A wolf spider (D:14)
  8 harpies
  8 ugly things
  9 manticores
  15 fauns
  7 cyclopes
  4 elephants
  4 merfolk sirens
  2 black mambas
  6 water nymphs
  Maggie (D:7)
  A gargoyle (D:14)
  16 cane toads
  7 komodo dragons
  3 rime drakes
  A freezing wraith (D:15)
  A yaktaur (D:12)
  11 ice devils (IceCv)
  A harpy zombie (D:15)
  3 trolls
  4 tengu conjurers
  7 polar bears
  11 merfolk
  8 wind drakes
  A hornet (D:9)
  7 dream sheep
  3 slime creatures (D:15)
  A meliai zombie (D:10)
  35 blink frogs
  9 snapping turtles
  A vampire (D:12)
  7 water elementals
  A centaur simulacrum (D:10)
  A shadow (D:13)
  A wyvern (D:11)
  54 yaks
  6 wraiths
  5 basilisks
  7 vampire mosquitoes
  A steam dragon (D:12)
  4 wargs (Orc:2)
  2 nagas (Lair:3)
  An acid dragon (D:13)
  20 water moccasins
  A meliai simulacrum (D:10)
  38 orc warriors
  18 ice beasts
  2 sky beasts
  An eye of draining (shapeshifter) (D:14)
  5 black bears
  A black bear (shapeshifter) (D:15)
  2 phantoms (D:6)
  21 ogres
  An eye of draining (D:14)
  10 wolves
  21 centaurs
  6 big kobolds
  A wyvern zombie (D:14)
  26 bullfrogs
  A wyvern skeleton (D:7)
  2 scorpions (D:8)
  7 killer bees
  3 electric eels
  16 wights
  8 centaur zombies
  A howler monkey (D:9)
  7 hounds
  2 centaur skeletons
  32 orc priests
  5 jellies
  22 orc wizards
  2 bullfrog skeletons
  9 iguanas
  Natasha (thrice) (D:2 D:4)
  9 hell rats (Lair:1)
  7 worker ants
  A polar bear simulacrum (Lair:6)
  3 yak simulacra (Lair:6)
  2 killer bee zombies
  6 wolf simulacra (Lair:6)
  A hound zombie (D:8)
  3 hound skeletons
  A worker ant zombie (D:11)
  19 gnolls
  15 adders
  17 river rats
  A hound simulacrum (D:10)
  2 shadow imps
  8 white imps
  A worker ant simulacrum (D:10)
  12 ufetubi
  2 oozes
  4 dart slugs
  3 worms
  2 leopard geckos (D:6)
  104 orcs
  5 giant cockroaches
  12 goblins
  12 hobgoblins
  9 jackals
  60 kobolds
  11 quokkas
  6 ball pythons
  11 bats
  8 frilled lizards
  A jackal skeleton (D:5)
  39 rats
  A river rat simulacrum (Lair:6)
1081 creatures vanquished.

Vanquished Creatures (collateral kills)
  A merfolk aquamancer (Shoals:3)
  A merfolk siren (Shoals:3)
  4 merfolk
  Edmund (D:5)
7 creatures vanquished.

Vanquished Creatures (others)
  9 dancing weapons
  3 white imps (IceCv)
  4 ufetubi (IceCv)
  A leopard gecko (D:1)
  An orc (Orc:2)
  A bat (D:1)
  A goblin (D:1)
  A bush (Lair:3)
  23 fulminant prisms
  22 fungi
  124 plants
190 creatures vanquished.

Grand Total: 1278 creatures vanquished

Table legend: (Time is in decaauts)
 A = Elapsed time spent in this place.
 B = Non-inter-level travel time spent in this place.
 C = Inter-level travel time spent in this place.
 D = Time resting spent in this place.
 E = Time spent auto-exploring this place.
 F = Levels seen in this place.
 G = Mean time per level.
                   A        B        C        D        E       F      G
               +--------+--------+--------+--------+--------+-----+--------+
         Total |  41055 |  38426 |   2629 |   6738 |  19886 |  30 | 1368.5 |
       Dungeon |  20763 |  19133 |   1630 |   2700 |   9996 |  15 | 1384.2 |
          Lair |   8548 |   7972 |    576 |    733 |   5325 |   6 | 1424.7 |
        Shoals |   4822 |   4677 |    145 |   1458 |   2000 |   4 | 1205.5 |
  Orcish Mines |   4119 |   3843 |    276 |    545 |   2128 |   2 | 2059.5 |
         Sewer |    883 |    883 |      0 |    232 |    186 |   1 |  883.0 |
        Bailey |    365 |    365 |      0 |      8 |    221 |   1 |  365.0 |
      Ice Cave |   1551 |   1551 |      0 |   1061 |     29 |   1 | 1551.0 |
               +--------+--------+--------+--------+--------+-----+--------+

Top non-repeatable levels by time:
   Orc:2: 2945 daAuts
     D:2: 2292 daAuts
     D:9: 2148 daAuts
  Lair:6: 2027 daAuts
Shoals:2: 1850 daAuts
     D:4: 1818 daAuts
    D:10: 1770 daAuts
     D:8: 1677 daAuts
     D:6: 1602 daAuts
Shoals:3: 1573 daAuts
   IceCv: 1551 daAuts
  Lair:2: 1506 daAuts
  Lair:3: 1495 daAuts
    D:11: 1398 daAuts
     D:3: 1342 daAuts

Table legend:
 A = Non-vault XP
 B = Vault XP
 C = Vault XP percentage of total XP
 D = Non-vault monster count
 E = Vault monster count
 F = Vault count percentage of total count
                 A         B        C        D         E       F
            +---------+---------+-------+---------+---------+-------
      Total |  138765 |   77303 |  35.8 |     627 |     461 |  42.4
            +---------+---------+-------+---------+---------+-------
        D:1 |      41 |       0 |   0.0 |      17 |       0 |   0.0
        D:2 |     141 |      36 |  20.3 |      30 |       1 |   3.2
        D:3 |     157 |       0 |   0.0 |      30 |       0 |   0.0
        D:4 |     479 |      42 |   8.1 |      18 |       1 |   5.3
        D:5 |     349 |     153 |  30.5 |       8 |       1 |  11.1
        D:6 |    1007 |      23 |   2.2 |      26 |       5 |  16.1
        D:7 |     237 |    1065 |  81.8 |       7 |      12 |  63.2
        D:8 |     637 |     666 |  51.1 |      15 |      14 |  48.3
        D:9 |    1430 |    3401 |  70.4 |      30 |       3 |   9.1
       D:10 |    1165 |    3427 |  74.6 |      23 |      21 |  47.7
       D:11 |    3138 |    1211 |  27.8 |      25 |       2 |   7.4
       D:12 |    5059 |    4440 |  46.7 |      27 |      18 |  40.0
       D:13 |    3853 |   10551 |  73.3 |      11 |      13 |  54.2
       D:14 |    8873 |    2234 |  20.1 |      36 |       1 |   2.7
       D:15 |   10889 |    2088 |  16.1 |      32 |       2 |   5.9
     Lair:1 |    3207 |    1490 |  31.7 |      15 |      43 |  74.1
     Lair:2 |    4569 |    3970 |  46.5 |      17 |      13 |  43.3
     Lair:3 |    9618 |    1096 |  10.2 |      32 |       8 |  20.0
     Lair:4 |   13879 |       0 |   0.0 |      32 |       0 |   0.0
     Lair:5 |    4536 |       0 |   0.0 |      20 |       0 |   0.0
     Lair:6 |    9519 |   10768 |  53.1 |      37 |      31 |  45.6
   Shoals:1 |   14413 |    1954 |  11.9 |      30 |       5 |  14.3
   Shoals:2 |   19596 |     534 |   2.7 |      40 |       1 |   2.4
   Shoals:3 |   15738 |     453 |   2.8 |      34 |       1 |   2.9
   Shoals:4 |    1967 |     616 |  23.8 |       4 |       1 |  20.0
      Orc:1 |    4268 |      68 |   1.6 |      31 |      18 |  36.7
      Orc:2 |       0 |   21078 | 100.0 |       0 |     139 | 100.0
      Sewer |       0 |     256 | 100.0 |       0 |      48 | 100.0
     Bailey |       0 |     349 | 100.0 |       0 |      34 | 100.0
      IceCv |       0 |    5334 | 100.0 |       0 |      25 | 100.0
            +---------+---------+-------+---------+---------+-------
